PAA
MYRTLE BEACH MERMEN @ PHOENIX HOTSPUR YOUTH
09/06/2030
 
TOP OF THE 1ST
Myrtle Beach Mermen batting - Pitching for Phoenix Hotspur Youth : RHP José Quiñones
Pitching: RHP José Quiñones
Batting: LHB Ramón Flores 0-0: Called Strike
0-1: Foul Ball, location: 2F
0-2: Foul Ball, location: 2F
0-2: Strikes out swinging
Batting: RHB Berihun Tukufu 0-0: Called Strike
0-1: Swinging Strike
0-2: Strikes out swinging
Batting: LHB Shigenobu Ohayashi 0-0: Ball
1-0: Ball
2-0: Called Strike
2-1: Ball
3-1: DOUBLE (Line Drive, 7D)
Batting: RHB Elijah Seymour 0-0: Called Strike
0-1: Fly out, F2 (Popup, 2LF)
Top of the 1st over - 0 runs, 1 hit, 0 errors, 1 left on base; Myrtle Beach 0 - Phoenix Hotspur 0
BOTTOM OF THE 1ST
Phoenix Hotspur Youth batting - Pitching for Myrtle Beach Mermen : RHP Chad Li
Pitching: RHP Chad Li
Batting: RHB Sinfronio Vitor 0-0: Called Strike
0-1: Ball
1-1: Fly out, F5 (Popup, 6S)
Batting: RHB Dale Everest 0-0: Ball
1-0: Ball
2-0: Foul Ball, location: 2F
2-1: Fly out, F9 (Flyball, 9S)
Batting: RHB Juan Negrete 0-0: Ball
1-0: Ball
2-0: Called Strike
2-1: Ground out 6-3 (Groundball, 6S)
Bottom of the 1st over - 0 runs, 0 hits, 0 errors, 0 left on base; Myrtle Beach 0 - Phoenix Hotspur 0
TOP OF THE 2ND
Myrtle Beach Mermen batting - Pitching for Phoenix Hotspur Youth : RHP José Quiñones
Batting: RHB Landon Edwards 0-0: Called Strike
0-1: Ball
1-1: Foul Ball, location: 2F
1-2: Foul Ball, location: 2F
1-2: Strikes out looking
Batting: RHB Héctor Rivera 0-0: Foul Ball, location: 2F
0-1: Called Strike
0-2: Ball
1-2: Ball
2-2: Foul Ball, location: 2F
2-2: Ball
3-2: Strikes out swinging
Batting: RHB Guillermo Montepeque 0-0: Ball
1-0: Swinging Strike
1-1: Ball
2-1: Fly out, F7 (Flyball, 7)
Top of the 2nd over - 0 runs, 0 hits, 0 errors, 0 left on base; Myrtle Beach 0 - Phoenix Hotspur 0
BOTTOM OF THE 2ND
Phoenix Hotspur Youth batting - Pitching for Myrtle Beach Mermen : RHP Chad Li
Batting: SHB Huey Wood 0-0: Fly out, F6 (Popup, 4MS)
Batting: RHB Bernardo Rivera 0-0: Fly out, F8 (Flyball, 8RD)
Batting: LHB Tyler Kinjeketile 0-0: SINGLE (Line Drive, 4D)
Batting: LHB Mark Detamore 0-0: Ball
1-0: Called Strike
1-1: SINGLE (Groundball, 34D)
Tyler Kinjeketile to second
Runner from 2nd tries for 3rd, SAFE, no throw
Batting: LHB Damian Alldred 0-0: Fielders Choice at 2nd, 6-4 (Groundball, 6)
Bottom of the 2nd over - 0 runs, 2 hits, 0 errors, 2 left on base; Myrtle Beach 0 - Phoenix Hotspur 0
TOP OF THE 3RD
Myrtle Beach Mermen batting - Pitching for Phoenix Hotspur Youth : RHP José Quiñones
Batting: RHB Maikel Cobblepot 0-0: Foul Ball, location: 2F
0-1: Called Strike
0-2: Ball
1-2: SINGLE (Groundball, 6D)
Batting: RHB Gomez Talone 0-0: Ball
1-0: Ball
2-0: Called Strike
2-1: Foul Ball, location: 2F
2-2: Ground out 5-3 (Groundball, 56S)
Maikel Cobblepot to second
Batting: LHB Ramón Flores 0-0: Ground out 3-1 (Groundball, 34)
Maikel Cobblepot to third
Batting: RHB Berihun Tukufu 0-0: Foul Ball, location: 2F
0-1: Ball
1-1: Called Strike
1-2: Ball
2-2: Strikes out swinging
Top of the 3rd over - 0 runs, 1 hit, 0 errors, 1 left on base; Myrtle Beach 0 - Phoenix Hotspur 0
BOTTOM OF THE 3RD
Phoenix Hotspur Youth batting - Pitching for Myrtle Beach Mermen : RHP Chad Li
Batting: RHB Carl Tucker 0-0: Called Strike
0-1: Ball
1-1: Foul Ball, location: 2F
1-2: Ball
2-2: Ball
3-2: Base on Balls
Batting: RHB Sinfronio Vitor 0-0: Ball
1-0: Called Strike
1-1: Fly out, F8 (Flyball, 8RD)
Batting: RHB Dale Everest 0-0: Called Strike
0-1: Ball
1-1: Ball
2-1: Swinging Strike
2-2: Foul Ball, location: 2F
2-2: Strikes out swinging
Batting: RHB Juan Negrete 0-0: Called Strike
0-1: Ball
1-1: Ball
2-1: DOUBLE (Groundball, 5L)
Carl Tucker to third
Pinch Runner at 2nd António Escalante:
Batting: SHB Huey Wood 0-0: SINGLE (Flyball, 9S)
Carl Tucker scores
António Escalante to third
Batting: RHB Bernardo Rivera 0-0: Ball
1-0: Ball
Huey Wood steals 2nd base
2-0: Ground out 6-3 (Groundball, 6)
Bottom of the 3rd over - 1 run, 2 hits, 0 errors, 2 left on base; Myrtle Beach 0 - Phoenix Hotspur 1
TOP OF THE 4TH
Myrtle Beach Mermen batting - Pitching for Phoenix Hotspur Youth : RHP José Quiñones
Now in RF: António Escalante
Batting: LHB Shigenobu Ohayashi 0-0: Ball
1-0: Called Strike
1-1: Ball
2-1: Foul Ball, location: 2F
2-2: Foul Ball, location: 2F
2-2: Strikes out swinging
Batting: RHB Elijah Seymour 0-0: Ball
1-0: Foul Ball, location: 2F
1-1: Ball
2-1: Ground out 1-3 (Groundball, 15S)
Batting: RHB Landon Edwards 0-0: Ball
1-0: Called Strike
1-1: Foul Ball, location: 2F
1-2: Ball
2-2: Ground out 6-3 (Groundball, 6MD)
Top of the 4th over - 0 runs, 0 hits, 0 errors, 0 left on base; Myrtle Beach 0 - Phoenix Hotspur 1
BOTTOM OF THE 4TH
Phoenix Hotspur Youth batting - Pitching for Myrtle Beach Mermen : RHP Chad Li
Batting: LHB Tyler Kinjeketile 0-0: Ball
1-0: Called Strike
1-1: Ball
2-1: Foul Ball, location: 2F
2-2: Ball
3-2: Foul Ball, location: 2F
3-2: Fly out, F2 (Popup, 15S)
Batting: LHB Mark Detamore 0-0: Foul Ball, location: 2F
0-1: Hit by Pitch
Batting: LHB Damian Alldred 0-0: Ball
1-0: Foul Ball, location: 2F
1-1: DOUBLE (Line Drive, 9LM)
Mark Detamore to third
Batting: RHB Carl Tucker 0-0: Ball
1-0: Ball
2-0: Ball
3-0: Called Strike
3-1: Base on Balls
Batting: RHB Sinfronio Vitor 0-0: GRAND SLAM HOME RUN (Flyball, 89XD), Distance : 383 ft
Batting: RHB Dale Everest 0-0: Called Strike
0-1: Foul Ball, location: 2F
0-2: Ball
1-2: Fly out, F7 (Flyball, 7LD)
Batting: LHB António Escalante 0-0: Foul Ball, location: 2F
0-1: Ball
1-1: Foul Ball, location: 2F
1-2: Ball
2-2: Ball
3-2: SINGLE (Line Drive, 89M)
Batting: SHB Huey Wood 0-0: Ball
1-0: Ball
2-0: SINGLE (Line Drive, 6M)
António Escalante to second
Runner from 2nd tries for 3rd, SAFE, throw made to third
Batting: RHB Bernardo Rivera 0-0: Foul Ball, location: 2F
0-1: Ball
1-1: Ball
2-1: Ball
3-1: Swinging Strike
3-2: Base on Balls
Huey Wood to second
Batting: LHB Tyler Kinjeketile 0-0: Called Strike
0-1: Called Strike
0-2: Ball
1-2: DOUBLE (Flyball, 8RD)
António Escalante scores
Huey Wood scores
Bernardo Rivera to third
Batting: LHB Mark Detamore 0-0: Ball
1-0: Foul Ball, location: 2F
1-1: Ball
2-1: Foul Ball, location: 2F
2-2: Ground out 1-3 (Groundball, 13S)
Bottom of the 4th over - 6 runs, 5 hits, 0 errors, 2 left on base; Myrtle Beach 0 - Phoenix Hotspur 7
TOP OF THE 5TH
Myrtle Beach Mermen batting - Pitching for Phoenix Hotspur Youth : RHP José Quiñones
Batting: RHB Héctor Rivera 0-0: SINGLE (Line Drive, 9S)
Batting: RHB Guillermo Montepeque 0-0: Called Strike
0-1: Ball
1-1: Ball
2-1: Swinging Strike
2-2: Strikes out swinging
Batting: RHB Maikel Cobblepot 0-0: SINGLE (Groundball, 56D)
Héctor Rivera to second
Batting: RHB Gomez Talone 0-0: Called Strike
0-1: Ball
1-1: Ball
2-1: Reached on error, E6 (Groundball, 6)
Héctor Rivera to third
Maikel Cobblepot to second
Batting: LHB Ramón Flores 0-0: Called Strike
0-1: Grounds into double play, 6-4-3 (Groundball, 6)
Top of the 5th over - 0 runs, 2 hits, 1 error, 2 left on base; Myrtle Beach 0 - Phoenix Hotspur 7
BOTTOM OF THE 5TH
Phoenix Hotspur Youth batting - Pitching for Myrtle Beach Mermen : RHP Chad Li
Batting: LHB Damian Alldred 0-0: Ball
1-0: Fly out, F4 (Line Drive, 34)
Batting: RHB Carl Tucker 0-0: Ball
1-0: Swinging Strike
1-1: Ball
2-1: Ball
3-1: Foul Ball, location: 2F
3-2: Base on Balls
Batting: RHB Sinfronio Vitor 0-0: Swinging Strike
0-1: Reached on error, E6 (Groundball, 6S)
Carl Tucker to third
Pitching: RHP Jorge Reyna
Batting: RHB Dale Everest 0-0: Called Strike
0-1: Ball
1-1: Swinging Strike
1-2: Ball
2-2: Ball
3-2: Strikes out swinging
Batting: LHB António Escalante 0-0: Ball
1-0: Ball
2-0: Ball
3-0: Base on Balls
Batting: SHB Huey Wood 0-0: Swinging Strike
0-1: Ball
1-1: Ball
2-1: Fielders Choice at 2nd, 5-4 (Groundball, 56)
Bottom of the 5th over - 0 runs, 0 hits, 1 error, 3 left on base; Myrtle Beach 0 - Phoenix Hotspur 7
TOP OF THE 6TH
Myrtle Beach Mermen batting - Pitching for Phoenix Hotspur Youth : RHP José Quiñones
Batting: RHB Berihun Tukufu 0-0: Ball
1-0: Ball
2-0: SOLO HOME RUN (Flyball, 7LD), Distance : 350 ft
Batting: LHB Shigenobu Ohayashi 0-0: Called Strike
0-1: Foul Ball, location: 2F
0-2: Strikes out swinging
Batting: RHB Elijah Seymour 0-0: Swinging Strike
0-1: Swinging Strike
0-2: Ball
1-2: Ball
2-2: Foul Ball, location: 2F
2-2: Ball
3-2: Strikes out looking
Batting: RHB Landon Edwards 0-0: Ball
1-0: Swinging Strike
1-1: Foul Ball, location: 2F
1-2: Foul Ball, location: 2F
1-2: Ball
2-2: Strikes out looking
Top of the 6th over - 1 run, 1 hit, 0 errors, 0 left on base; Myrtle Beach 1 - Phoenix Hotspur 7
BOTTOM OF THE 6TH
Phoenix Hotspur Youth batting - Pitching for Myrtle Beach Mermen : RHP Jorge Reyna
Batting: RHB Bernardo Rivera 0-0: Foul Ball, location: 2F
0-1: Ball
1-1: Ball
2-1: Ball
3-1: Fly out, F7 (Flyball, 78S)
Batting: LHB Tyler Kinjeketile 0-0: Ball
1-0: Ball
2-0: Foul Ball, location: 2F
2-1: Ground out U3 (Groundball, 3L)
Batting: LHB Mark Detamore 0-0: Called Strike
0-1: Ball
1-1: Called Strike
1-2: SINGLE (Groundball, 4MD)
Batting: LHB Damian Alldred 0-0: Ball
1-0: Swinging Strike
1-1: Foul Ball, location: 2F
1-2: Ball
2-2: Foul Ball, location: 2F
2-2: Strikes out swinging
Bottom of the 6th over - 0 runs, 1 hit, 0 errors, 1 left on base; Myrtle Beach 1 - Phoenix Hotspur 7
TOP OF THE 7TH
Myrtle Beach Mermen batting - Pitching for Phoenix Hotspur Youth : RHP José Quiñones
Batting: RHB Héctor Rivera 0-0: Ball
1-0: Called Strike
1-1: Swinging Strike
1-2: Strikes out looking
Batting: RHB Guillermo Montepeque 0-0: Foul Ball, location: 2F
0-1: Ball
1-1: SINGLE (Line Drive, 8RS)
Pitching: RHP Larry Souder
Batting: RHB Maikel Cobblepot 0-0: Called Strike
0-1: Reached on error, E3 (Groundball, 34S)
Guillermo Montepeque to third
Batting: RHB Gomez Talone 0-0: Ground out 4-3 (Groundball, 4M)
Guillermo Montepeque scores
Maikel Cobblepot to third
Batting: LHB Ramón Flores 0-0: SINGLE (Line Drive, 8LS)
Maikel Cobblepot scores
Batting: RHB Berihun Tukufu 0-0: Called Strike
Ramón Flores steals 2nd base
0-1: Called Strike
0-2: Foul Ball, location: 2F
0-2: Ball
1-2: Foul Ball, location: 2F
1-2: Ball
2-2: Ball
3-2: Reached via error on a dropped throw, E3
Ramón Flores to third
Batting: LHB Shigenobu Ohayashi 0-0: Ball
1-0: Ball
2-0: Ball
3-0: Base on Balls
Berihun Tukufu to second
Batting: RHB Elijah Seymour 0-0: Ball
1-0: Ball
2-0: Foul Ball, location: 2F
2-1: Ball
3-1: Fly out, F5 (Popup, 15)
Top of the 7th over - 2 runs, 2 hits, 2 errors, 3 left on base; Myrtle Beach 3 - Phoenix Hotspur 7
BOTTOM OF THE 7TH
Phoenix Hotspur Youth batting - Pitching for Myrtle Beach Mermen : RHP Sun Kwan
Pitching: RHP Sun Kwan
Batting: RHB Carl Tucker 0-0: Ball
1-0: Called Strike
1-1: Called Strike
1-2: Ball
2-2: Ground out 4-3 (Groundball, 34D)
Batting: RHB Sinfronio Vitor 0-0: Fly out, F4 (Popup, 4S)
Batting: RHB Dale Everest 0-0: Ball
1-0: Fly out, F9 (Flyball, 9)
Bottom of the 7th over - 0 runs, 0 hits, 0 errors, 0 left on base; Myrtle Beach 3 - Phoenix Hotspur 7
TOP OF THE 8TH
Myrtle Beach Mermen batting - Pitching for Phoenix Hotspur Youth : RHP Larry Souder
Batting: RHB Landon Edwards 0-0: Ball
1-0: SINGLE (Flyball, 89S)
Batting: RHB Héctor Rivera 0-0: Swinging Strike
0-1: Called Strike
0-2: Strikes out swinging
Batting: RHB Guillermo Montepeque 0-0: Ball
1-0: Ball
2-0: Ball
3-0: Called Strike
3-1: Base on Balls
Landon Edwards to second
Batting: RHB Maikel Cobblepot 0-0: Called Strike
0-1: Foul Ball, location: 2F
0-2: Ball
1-2: Strikes out looking
Batting: RHB Gomez Talone 0-0: Swinging Strike
0-1: Ball
1-1: Foul Ball, location: 2F
1-2: Strikes out looking
Top of the 8th over - 0 runs, 1 hit, 0 errors, 2 left on base; Myrtle Beach 3 - Phoenix Hotspur 7
BOTTOM OF THE 8TH
Phoenix Hotspur Youth batting - Pitching for Myrtle Beach Mermen : RHP Sun Kwan
Batting: LHB António Escalante 0-0: DOUBLE (Groundball, 3L)
Batting: SHB Huey Wood 0-0: Foul Ball, location: 2F
0-1: Foul Ball, location: 2F
0-2: Fly out, F9 (Line Drive, 9D)
Batting: RHB Bernardo Rivera 0-0: Called Strike
0-1: Called Strike
0-2: Foul Ball, location: 2F
0-2: Ball
1-2: Ball
2-2: Strikes out swinging
Batting: LHB Tyler Kinjeketile 0-0: Called Strike
0-1: Ball
1-1: Ball
2-1: Foul Ball, location: 2F
2-2: Fly out, F7 (Flyball, 7)
Bottom of the 8th over - 0 runs, 1 hit, 0 errors, 1 left on base; Myrtle Beach 3 - Phoenix Hotspur 7
TOP OF THE 9TH
Myrtle Beach Mermen batting - Pitching for Phoenix Hotspur Youth : RHP Larry Souder
Batting: LHB Ramón Flores 0-0: Ball
1-0: Foul Ball, location: 2F
1-1: Called Strike
1-2: Strikes out swinging
Batting: RHB Berihun Tukufu 0-0: Fly out, F7 (Flyball, 7)
Batting: LHB Shigenobu Ohayashi 0-0: Ball
1-0: Ball
2-0: Foul Ball, location: 2F
2-1: SOLO HOME RUN (Flyball, 9D), Distance : 357 ft
Batting: RHB Elijah Seymour 0-0: Ball
1-0: Ball
2-0: Ball
3-0: Base on Balls
Batting: RHB Landon Edwards 0-0: 2-RUN HOME RUN (Flyball, 89XD), Distance : 407 ft
Pitching: RHP Derrick Hopkins
Pinch Hitting: RHB Maik Palen 0-0: Called Strike
0-1: Called Strike
0-2: Ball
1-2: Foul Ball, location: 2F
1-2: Foul Ball, location: 2F
1-2: Ball
2-2: Ground out 4-3 (Groundball, 34)
Top of the 9th over - 3 runs, 2 hits, 0 errors, 0 left on base; Myrtle Beach 6 - Phoenix Hotspur 7
Sunday, March 18th, 2018 - OOTP Baseball 18.8 Build 76